Map: Одиссея РВ

Players

Murena - Winner!

  • Race: Terran Terran
  • Spawn Location: 11:00

ИИ 1 (эксперт)

  • Race: Protoss Protoss
  • Spawn Location: 5:00

VOD

Have the link to the VOD?

Description

Time

  • Played on: March 30, 2019, 4:29 p.m.
  • Length: 9:21
Show
View Real Time Build Order
Export as new Build Order

Murena Terran - Winner!

Build Orders: 1/1/1 

Get SALT Encoding   

  12  0:00  SCV  
  13  0:13  SCV  
  14  0:20  Supply Depot  
  14  0:25  SCV  
  15  0:30  Refinery  
  15  0:42  Barracks  
  15  0:46  SCV  
  16  1:00  SCV, Refinery  
  17  1:12  SCV  
  17  1:16  Supply Depot  
  18  1:25  SCV  
  19  1:29  Marine  
  20  1:37  Factory  
  20  1:39  SCV  
  21  1:47  Marine  
  21  1:52  SCV  
  23  2:03  Bunker  
  23  2:05  Marine  
  23  2:06  SCV  
  25  2:18  SCV  
  26  2:22  Starport  
  26  2:26  Marine  
  27  2:31  SCV  
  28  2:44  Orbital Command  
  28  2:45  Marine  
  29  2:57  Starport  
  29  3:02  Starport Tech Lab  
  29  3:04  Marine  
  30  3:11  Supply Depot  
  30  3:21  Fusion Core  
  30  3:22  Marine  
  31  3:30  Supply Depot  
  31  3:33  SCV  
  31  3:34  Starport Tech Lab  
  32  3:42  Marine  
  33  4:01  Marine  
  34  4:08  Battlecruiser, Banshee  
  43  4:12  Hellion  
  45  4:19  Supply Depot  
  45  4:21  Marine  
  46  4:26  Cloaking Field  
  46  4:31  SCV  
  46  4:36  Supply Depot  
  47  4:39  Barracks Tech Lab  
  47  4:48  SCV  
  47  4:52  Banshee  
  51  4:58  Combat Shield  
  51  5:01  SCV  
  51  5:04  Marauder  
  54  5:11  Hellion  
  56  5:16  Supply Depot  
  56  5:19  Banshee  
  59  5:26  Marauder  
  61  5:33  Widow Mine  
  63  5:49  Marauder  
  65  5:57  Banshee  
  68  6:05  Barracks  
  68  6:06  Barracks  
Show
View Real Time Build Order
Export as new Build Order

ИИ 1 (эксперт) Protoss 

Build Orders: Zealot Archon 

Get SALT Encoding   

  12  0:00  Probe  
  13  0:13  Probe  
  14  0:20  Pylon  
  14  0:25  Probe  
  15  0:34  Probe  
  15  0:42  Probe  
  16  0:47  Assimilator  
  17  0:50  Gateway  
  17  0:52  Probe  
  18  1:00  Probe  
  18  1:01  Pylon  
  18  1:08  Probe  
  20  1:18  Probe  
  21  1:36  Gateway  
  21  1:39  Zealot, Cybernetics Core, Probe  
  24  1:50  Pylon  
  24  1:51  Probe  
  25  1:57  Zealot  
  25  2:04  Assimilator  
  27  2:08  Probe  
  28  2:16  Warp Gate  
  28  2:21  Probe  
  29  2:23  Adept  
  29  2:24  Adept  
  33  2:36  Robotics Facility  
  33  2:37  Probe  
  34  2:53  Adept  
  34  2:54  Adept  
  34  2:58  Pylon, Probe  
  39  3:23  Adept  
  39  3:24  Sentry  
  39  3:25  Immortal  
  47  3:37  Pylon  
  47  3:54  Stalker x2  
  51  3:56  Pylon  
  51  3:57  Immortal  
  55  4:16  Pylon  
  55  4:24  Twilight Council  
  55  4:32  Adept  
  57  5:02  Templar Archives  
  57  5:13  Zealot  
  59  5:16  Gateway  
  59  5:21  Nexus  
  59  5:39  High Templar  
  61  5:54  High Templar  
  63  6:00  Forge  
  63  6:07  Archon  
  63  6:10  Stalker  
  65  6:12  Pylon  
  65  6:15  Forge  
  65  6:32  High Templar  
  67  6:34  Probe x2  
  67  6:36  Gateway  
  69  6:41  Assimilator  
  69  6:42  Assimilator  
  69  6:46  Probe  
  70  6:47  Probe  
  70  6:53  Zealot  
  65  6:54  Zealot  
  65  6:58  Probe  
  65  6:59  Probe  
  61  7:02  High Templar  
  59  7:10  Probe  
  59  7:11  Probe  
  59  7:14  Zealot  
  61  7:19  Probe  
  54  7:23  Probe  
  54  7:24  High Templar  
  54  7:27  Probe  
  53  7:30  Stalker  
  53  7:31  Archon  
  53  7:34  Zealot  
  53  7:36  Probe  
  58  7:37  Probe  
  58  7:47  High Templar  
  54  7:51  Probe  
  31  8:18  Zealot  
  26  8:23  High Templar  
  25  8:30  Zealot  
  25  8:32  Probe  
  25  8:41  Pylon  
  23  8:44  Zealot  
  23  8:45  Pylon  
  21  9:02  Pylon  
  21  9:03  Pylon  
Tags
 
Composition
Zealot Archon
Matchup
ПvТ
Opening
1/1/1
Spawn Locations
Cross Positions
Add a new tag
Caveats
  • Supply blocks, unpowered buildings, or Contaminate may cause inaccurate times.
  • Supply counts are checked every 10 seconds.